 Dungeon Crawl Stone Soup version 0.13-a0-1710-g777f831 (webtiles) character file.

1976 bgf the Skirmisher (level 8, -8/66 HPs)
             Began as a Black Draconian Skald on June 21, 2013.
             Was an Initiate of Makhleb.
             Mangled by an orc warrior
             ... wielding a +1,+1 orcish battleaxe
              (17 damage)
             ... on Level 7 of the Dungeon.
             The game lasted 00:42:31 (9674 turns).

bgf the Skirmisher (Black Draconian Skald)          Turns: 9674, Time: 00:42:31

HP  -8/66        AC  6     Str 16      XL: 8   Next: 87%
MP  17/17        EV 13     Int 14      God: Makhleb [......]
Gold 135         SH  0     Dex 10      Spells:  4 memorised,  6 levels left

Res.Fire  : . . .   See Invis. : .   d - +2 whip (flame)
Res.Cold  : . . .   Warding    : .   (armour unavailable)
Life Prot.: . . .   Conserve   : .   (no shield)
Res.Poison: .       Res.Corr.  : .   (helmet restricted)
Res.Elec. : +       Clarity    : .   (no cloak)
Sust.Abil.: . .     Spirit.Shd : .   (no gloves)
Res.Mut.  : .       Stasis     : .   (no boots)
Res.Rott. : .       Flight     : .   (no amulet)
Saprovore : . . .                    (no ring)
                                     (no ring)

@: slightly resistant to hostile enchantments, unstealthy
A: breathe lightning, unfitting armour, electricity resistance, AC +6
a: Breathe Lightning, Renounce Religion


You were on level 7 of the Dungeon.
You worshipped Makhleb.
Makhleb was pleased with you.
You were very hungry.

You visited 1 branch of the dungeon, and saw 7 of its levels.

You collected 193 gold pieces.
You spent 78 gold pieces at shops.

Inventory:

Hand weapons
 a - a +3,+2 spear {=f}
 d - a +2,+2 whip of flaming (weapon)
 k - a +1,+1 orcish dagger of venom (quivered)
 n - a +2,+2 bardiche of dragon slaying
Missiles
 b - 19 arrows
 l - 33 poisoned needles
Magical devices
 e - a wand of slowing (17) {unknown}
 s - a wand of lightning (4) {unknown}
Comestibles
 f - a bread ration
 p - a meat ration
 z - 10 grapes
Scrolls
 g - 7 scrolls of remove curse
 i - 7 scrolls of identify
 m - a scroll of blinking
 q - a scroll of fog
 t - a scroll of teleportation
Potions
 h - 2 potions of degeneration
 o - 2 potions of restore abilities {unknown}
 r - a potion of might {unknown}
 v - a potion of resistance {unknown}
 A - a potion of mutation {unknown}
Books
 c - a book of War Chants

   Spells                             Type                      Level
   *Fire Brand                        Charms/Fire                  2
   *Freezing Aura                     Charms/Ice                   2
   Shroud of Golubria                 Charms/Translocation         2
   Repel Missiles                     Charms/Air                   2
   *Poison Weapon                     Charms/Poison                3
   *Regeneration                      Charms/Necromancy            3
 j - a Grand Grimoire {highlevel}

   This book is beyond your current level of understanding.

   Spells                             Type                      Level
   Demonic Horde                      Summoning                    6
   Mass Abjuration                    Summoning                    6
   Haunt                              Necromancy/Summoning         7
   Summon Greater Demon               Summoning                    7
   Malign Gateway                     Summoning/Translocation      7
   Summon Horrible Things             Summoning                    8


   Skills:
 + Level 5.7 Fighting
 + Level 5.3 Polearms
 + Level 4.7 Dodging
 + Level 4.8 Spellcasting
 - Level 3.0 Charms
 + Level 3.7 Fire Magic


You had 6 spell levels left.
You knew the following spells:

 Your Spells              Type           Power        Failure   Level  Hunger
a - Fire Brand            Chrm/Fire      ##........   10%         2    ##.....
b - Freezing Aura         Chrm/Ice       #.........   17%         2    ##.....
c - Regeneration          Chrm/Necr      #.........   30%         3    ###....
d - Poison Weapon         Chrm/Pois      #.........   30%         3    ###....


Dungeon Overview and Level Annotations

Branches:
Dungeon (7/27)
 Temple: D:4-7          Orc: D:6-11

Altars:
Ashenzari
Makhleb
Nemelex Xobeh
Okawaru
Sif Muna
Vehumet

Shops:
D:6: /==?


Innate Abilities, Weirdness & Mutations

You can breathe wild blasts of lightning.
Your glossy black scales are hard (AC +6).
Your body does not fit into most forms of armour.
Your cold-blooded metabolism reacts poorly to cold.
You are resistant to electric shocks.


Message History

You closely miss the orc warrior.
The orc warrior is moderately wounded.
The orc closely misses you. The orc warrior closely misses you.
You hit the orc warrior but do no damage.
The orc warrior is moderately wounded.
The orc closely misses you.
The orc warrior hits you with an orcish battleaxe!
You barely miss the orc warrior.
The orc warrior is moderately wounded.
The orc misses you.
You hit the orc warrior. You burn the orc warrior.
The orc warrior is heavily wounded.
The orc warrior hits you with an orcish battleaxe!
* * * LOW HITPOINT WARNING * * *
The orc hits you with an orcish broad axe!
* * * LOW HITPOINT WARNING * * *
You hit the orc warrior. You burn the orc warrior.
The orc warrior is severely wounded.
The orc warrior hits you with an orcish battleaxe!
You die...

#.# #.........#
#.# #.........#
#.# #.........#
#.# #.........#
#.# #.........##
#.###..........##
#...............#
##########......#
###..o@# #####o##
#......#
#.............
#......####..
#......# #......#
#....... #...[..?


You could see an orc warrior and an orc.

Vanquished Creatures
  Pikel (D:5)
  A slave (D:5)
  3 ogres
  2 orc warriors
  An ice beast (D:6)
  A phantom (D:5)
  An ogre zombie (D:6)
  A crimson imp (D:6)
  A goliath beetle (D:6)
  3 orc priests
  2 scorpions (D:4)
  4 worker ants
  4 orc wizards
  A deep elf soldier (D:5)
  A jelly (D:6)
  3 gnolls (D:6)
  12 adders
  A worm (D:4)
  A bat zombie (D:5)
  A giant eyeball (D:4)
  3 giant geckos
  28 orcs
  13 bats
  10 hobgoblins
  17 jackals
  11 kobolds
  2 oozes (D:4)
  3 ball pythons
  3 giant cockroaches
  A giant gecko zombie (D:6)
  3 giant newts
  12 goblins
  A goblin skeleton (D:5)
  A kobold zombie (D:5)
  10 rats
  A rat skeleton (D:5)
164 creatures vanquished.

Vanquished Creatures (others)
  3 orcs (D:7)
  2 goblins
  2 jackals
  A giant newt (D:4)
  A jackal skeleton (D:7)
9 creatures vanquished.

Grand Total: 173 creatures vanquished

Notes
Turn   | Place    | Note
--------------------------------------------------------------
     0 | D:1      | bgf, the Draconian Skald, began the quest for the Orb.
     0 | D:1      | Reached XP level 1. HP: 17/17 MP: 1/1
   247 | D:1      | Reached XP level 2. HP: 24/24 MP: 3/3
   251 | D:1      | Learned a level 2 spell: Fire Brand
   254 | D:1      | Learned a level 2 spell: Freezing Aura
   771 | D:1      | Reached skill level 3 in Charms
   967 | D:2      | Reached XP level 3. HP: 9/29 MP: 1/4
  1477 | D:2      | Found a sparkling altar of Nemelex Xobeh.
  1724 | D:2      | Reached XP level 4. HP: 37/37 MP: 6/6
  1735 | D:2      | Learned a level 3 spell: Regeneration
  2941 | D:3      | Reached XP level 5. HP: 16/44 MP: 2/8
  3573 | D:3      | Found a deep blue altar of Sif Muna.
  4261 | D:4      | Paralysed by a giant eyeball for 4 turns
  4465 | D:4      | Reached XP level 6. HP: 35/50 MP: 10/10
  5478 | D:4      | Reached skill level 4 in Fighting
  5643 | D:4      | Reached skill level 1 in Fire Magic
  6008 | D:4      | Your scales start taking on a glossy black colour.
  6008 | D:4      | Gained mutation: You are resistant to electric shocks. [draconian maturity]
  6008 | D:4      | Reached XP level 7. HP: 11/57 MP: 13/13
  6264 | D:4      | Found an iron altar of Okawaru.
  6419 | D:5      | Entered Level 5 of the Dungeon
  6500 | D:5      | Identified a scroll of acquirement
  7056 | D:5      | Found a burning altar of Makhleb.
  7067 | D:5      | Became a worshipper of Makhleb the Destroyer
  7072 | D:5      | Learned a level 3 spell: Poison Weapon
  7399 | D:6      | Found a shattered altar of Ashenzari.
  7418 | D:6      | Found Tweil's Magic Scroll Shoppe.
  7426 | D:6      | Bought 2 scrolls of remove curse for 78 gold pieces
  7480 | D:6      | Found Stoyj's Jewellery Shop.
  7499 | D:6      | Found Ufuph's Jewellery Shop.
  7680 | D:6      | Noticed Pikel
  8048 | D:5      | Killed Pikel
  8048 | D:5      | Reached skill level 5 in Fighting
  8048 | D:5      | Reached skill level 5 in Polearms
  8048 | D:5      | Reached XP level 8. HP: 5/66 MP: 17/17
  8528 | D:6      | Found Muucaji's Magical Wand Boutique.
  9658 | D:7      | Found a radiant altar of Vehumet.
  9674 | D:7      | Mangled by an orc warrior

Action                   |  1- 3 |  4- 6 |  7- 9 || total
-------------------------+-------+-------+-------++-------
Melee: Spear             |   152 |   168 |    15 ||   335
       Dagger            |       |   131 |     5 ||   136
       Bardiche          |       |       |   113 ||   113
       Whip              |       |       |   127 ||   127
 Cast: Fire Brand        |     4 |     3 |       ||     7
       Freezing Aura     |       |     2 |       ||     2
       Regeneration      |       |     5 |       ||     5
 Abil: Breathe Lightning |       |       |     6 ||     6
  Use: Scroll            |     5 |     6 |     4 ||    15
       Potion            |       |     6 |     2 ||     8
 Stab: Sleeping          |     1 |     1 |     1 ||     3
